 Dungeon Crawl Stone Soup version 0.21-a0-265-gb353147 (webtiles) character file.

3859 inure the Fighter (level 9, 0/79 HPs)
             Began as a Demonspawn Wanderer on Sept 10, 2017.
             Was a Believer of Fedhas.
             Slain by a warg (4 damage)
             ... on level 9 of the Dungeon.
             The game lasted 00:17:04 (11545 turns).

inure the Fighter (Demonspawn Wanderer)            Turns: 11545, Time: 00:17:05

Health: 0/79       AC:  8    Str: 15    XL:     9   Next: 99%
Magic:  18/18      EV: 11    Int: 15    God:    Fedhas [**....]
Gold:   316        SH:  4    Dex: 12    Spells: 8/8 levels left

rFire    + . .     SeeInvis +   g - +0 short sword (venom)
rCold    . . .     Gourm    .   (no shield)
rNeg     . . .     Faith    .   a - +2 leather armour
rPois    .         Spirit   .   R - +0 helmet
rElec    .         Reflect  .   u - +0 cloak
rCorr    .         Harm     .   (no gloves)
MR       .....                  (no boots)
Stlth    +.........             (no amulet)
HPRegen  0.23/turn              v - ring of magical power
MPRegen  0.16/turn              J - ring of see invisible

@: no status effects
A: hooves 1, large bone plates 1, fire resistance 1, shaggy fur 1, spiny 1, rot
immunity
a: Fungal Bloom, Evolution, Sunlight, Renounce Religion


You were on level 9 of the Dungeon.
You worshipped Fedhas.
Fedhas was pleased with you.
You were not hungry.

You visited 1 branch of the dungeon, and saw 9 of its levels.

You collected 532 gold pieces.
You spent 216 gold pieces at shops.

Inventory:

Hand Weapons
 b - a +0 shortbow
 g - a +0 short sword of venom (weapon)
 B - a +0 rapier
 H - a +0 blowgun
Missiles
 c - 255 arrows
 k - 264 stones (quivered)
 I - 10 poisoned needles
Armour
 a - a +2 leather armour (worn)
 s - a +0 ring mail
 u - a +0 cloak (worn)
 G - a +0 buckler
 R - a +0 helmet (worn)
 U - a +0 plate armour
Jewellery
 v - a ring of magical power (left hand)
 C - the amulet "Ycoheh" {Harm *Drain Int+2}
   (You found it on level 4 of the Dungeon)

   [amulet of harm]

   It increases damage dealt and taken.
   It affects your intelligence (+2).
   It causes draining when unequipped.
 J - a ring of see invisible (right hand)
Wands
 Q - a wand of random effects (19/48)
 S - a wand of confusion (22/48)
 T - a wand of polymorph (5/24)
Scrolls
 h - 2 scrolls of immolation {unknown}
 i - 6 scrolls of remove curse {unknown}
 j - 2 scrolls of enchant weapon {unknown}
 l - 6 scrolls of teleportation {unknown}
 m - 5 scrolls of fog {unknown}
 p - 6 scrolls of fear {unknown}
 w - 4 scrolls of magic mapping {unknown}
 x - 13 scrolls of identify {unknown}
 y - 3 scrolls of blinking {unknown}
 A - 4 scrolls of amnesia {unknown}
 M - a scroll of recharging {unknown}
 O - a scroll of enchant armour {unknown}
 P - a scroll of random uselessness {unknown}
Potions
 d - 4 potions of lignification
 e - 2 potions of mutation
 n - 2 potions of might
 o - 7 potions of curing
 t - a potion of degeneration {unknown}
 z - 2 potions of invisibility {unknown}
 D - 2 potions of berserk rage
 E - a potion of agility
 K - 2 potions of heal wounds {unknown}
 L - a potion of haste {unknown}
Books
 N - a Young Poisoner's Handbook

   Spells                             Type                      Level
   a - Sting                          Conjuration/Poison           1
   b - Poisonous Vapours              Poison/Air                   2
   c - Mephitic Cloud                 Conjuration/Poison/Air       3
   d - Olgreb's Toxic Radiance        Poison                       4
   e - Venom Bolt                     Conjuration/Poison           5
Comestibles
 f - 6 bread rations
 q - 8 royal jellies
 r - 19 fruits
 F - 3 meat rations


   Skills:
 + Level 10.7 Fighting
 - Level 8.7 Short Blades
 - Level 3.6 Bows
 + Level 0.0 Armour
 + Level 1.1 Dodging
 - Level 1.2 Stealth
 - Level 1.0 Shields
 - Level 1.0 Unarmed Combat


You had 8 spell levels left.
You didn't know any spells.

Dungeon Overview and Level Annotations

Branches:
Dungeon (9/15)             Temple (0/1) D:6
   Lair: D:8-11         Orc: D:9-12

Altars:
Cheibriados
Elyvilon
Fedhas
Nemelex Xobeh
Ru
Uskayaw
Xom
Yredelemnul

Shops:
D:5 (!}


Innate Abilities, Weirdness & Mutations

You have large cloven feet.
You are partially covered in large bone plates. (SH +4)
You are partially covered in sharp spines.
You are immune to rotting.
Your flesh is heat resistant. (rF+)
You are covered in fur. (AC +1)


Message History

The orc warrior's wounds heal themselves!
The orc warrior hits you with a flail!! The warg bites you!
* * * LOW HITPOINT WARNING * * *
Unknown command.
Unknown command.
Okay, then.
Unknown command.
The orc priest invokes the aid of Beogh against you.
Beogh smites you!
* * * LOW HITPOINT WARNING * * *
Okay, then.
Unknown command.
It was a potion of mutation.
You feel extremely strange. Fur sprouts all over your body.
You feel resistant to heat. The warg is struck by your spines.
The warg bites you!
* * * LOW HITPOINT WARNING * * *
The warg bites you.
You die...
Fedhas appreciates your contribution to the ecosystem.

######)))#######
#<..# #.))# #...#
$. #...# ####.
#.###...####.....
................#
................#
.......Kh@.[....#
..###..o####>..##
.. #.K.# ###
#...# #.)o# #..K#
#.Ko# ##... ...o


You could see a warg, an orc warrior and 2 kobolds.

Vanquished Creatures
  The ghost of George the Carver, a novice DsFi of Makhleb (D:8)
  Grinder (D:6)
  A hippogriff (D:8)
  A spriggan (D:7)
  A water moccasin (D:6)
  A sky beast (D:8)
  A phantom (D:7)
  7 ogres
  3 centaurs
  2 bullfrogs
  A scorpion (D:6)
  A water moccasin skeleton (D:5)
  3 howler monkeys
  2 crimson imps (D:8)
  A centaur zombie (D:8)
  A hound (D:6)
  A jelly (D:7)
  5 orc priests (D:8)
  2 bullfrog skeletons
  A centaur skeleton (D:6)
  Jessica (D:2)
  5 orc wizards
  Terence (D:2)
  2 iguanas
  8 worker ants
  2 hound skeletons
  2 worker ant zombies (D:5)
  13 gnolls
  14 adders
  2 shadow imps
  An ooze (D:2)
  2 adder skeletons
  An adder zombie (D:5)
  2 worms
  3 dart slugs
  7 leopard geckos
  23 orcs
  6 bats
  7 giant cockroaches
  12 goblins
  25 hobgoblins
  8 jackals
  5 quokkas
  5 frilled lizards
  A jackal skeleton (D:4)
  16 kobolds
  A quokka skeleton (D:4)
  A quokka zombie (D:6)
  4 rats
217 creatures vanquished.

Vanquished Creatures (others)
  59 toadstools
59 creatures vanquished.

Grand Total: 276 creatures vanquished

Notes
Turn   | Place    | Note
-------+----------+-------------------------------------------
     0 | D:1      | inure the Demonspawn Wanderer began the quest for the Orb.
     0 | D:1      | inure set off with: a +2 leather armour, a +0 shortbow, 24 arrows, a potion of lignification, a bread ration
     0 | D:1      | Reached XP level 1. HP: 19/19 MP: 1/1
   325 | D:1      | Gained mutation: You are partially covered in large bone plates. (SH +4) [demonic ancestry]
   325 | D:1      | Reached XP level 2. HP: 25/25 MP: 2/2
   782 | D:1      | Reached XP level 3. HP: 25/31 MP: 3/3
  1219 | D:2      | Gained mutation: You have large cloven feet. [demonic ancestry]
  1219 | D:2      | Reached XP level 4. HP: 32/38 MP: 4/4
  1481 | D:2      | Noticed Terence
  1494 | D:2      | Killed Terence
  1766 | D:2      | Noticed Jessica
  1774 | D:2      | Killed Jessica
  1774 | D:2      | Reached skill level 5 in Fighting
  1783 | D:2      | Reached XP level 5. HP: 43/44 MP: 5/5
  2343 | D:3      | Found a blossoming altar of Fedhas.
  2355 | D:3      | Reached skill level 1 in Short Blades
  2443 | D:3      | Became a worshipper of Fedhas Madash
  3029 | D:4      | Noticed an ogre
  3043 | D:4      | Killed an ogre
  3043 | D:4      | Reached XP level 6. HP: 49/52 MP: 6/6
  3201 | D:4      | Got a coiled silver amulet
  3956 | D:4      | Reached skill level 6 in Fighting
  4607 | D:4      | Gained mutation: You are immune to rotting. [demonic ancestry]
  4607 | D:4      | Reached XP level 7. HP: 36/59 MP: 7/7
  4855 | D:5      | Entered Level 5 of the Dungeon
  4871 | D:5      | Found Fiubaicw's Distillery.
  4887 | D:5      | Bought a potion of might for 48 gold pieces
  4887 | D:5      | Bought 2 potions of berserk rage for 120 gold pieces
  4887 | D:5      | Bought a potion of agility for 48 gold pieces
  5854 | D:5      | Reached skill level 7 in Fighting
  6604 | D:5      | Found a white marble altar of Elyvilon.
  6724 | D:5      | Found Okher's Weapon Shoppe.
  6813 | D:5      | Found Nusesh's Gadget Shop.
  6899 | D:5      | Found a basalt altar of Yredelemnul.
  7198 | D:6      | Reached skill level 5 in Short Blades
  7198 | D:6      | Gained mutation: You are partially covered in sharp spines. [demonic ancestry]
  7198 | D:6      | Reached XP level 8. HP: 53/67 MP: 8/8
  7283 | D:6      | Identified the amulet "Ycoheh" {Harm *Drain Int+2} (You found it on level 4 of the Dungeon)
  7825 | D:6      | Reached skill level 8 in Fighting
  8081 | D:6      | Noticed Grinder
  8089 | D:6      | Paralysed by Grinder for 2 turns
  8093 | D:6      | Killed Grinder
  8283 | D:6      | Found a blossoming altar of Fedhas.
  8564 | D:6      | Reached * piety under Fedhas
  8585 | D:6      | Found a staircase to the Ecumenical Temple.
  8747 | D:7      | Reached skill level 9 in Fighting
  8989 | D:7      | Reached XP level 9. HP: 67/76 MP: 9/9
  9644 | D:8      | Noticed George's ghost (novice DsFi)
 10005 | D:8      | Killed George's ghost
 10005 | D:8      | Reached skill level 10 in Fighting
 11228 | D:8      | Found a sparkling altar of Nemelex Xobeh.
 11231 | D:8      | Found a hide-covered altar of Uskayaw.
 11231 | D:8      | Found a snail-covered altar of Cheibriados.
 11244 | D:8      | Found a sacrificial altar of Ru.
 11248 | D:8      | Found a shimmering altar of Xom.
 11512 | D:9      | Reached ** piety under Fedhas
 11544 | D:9      | Gained mutation: You are covered in fur. (AC +1) [potion of mutation]
 11544 | D:9      | Gained mutation: Your flesh is heat resistant. (rF+) [potion of mutation]
 11545 | D:9      | Slain by a warg

Vault maps used:
D:1:      dpeg_arrival_short_road, minmay_split_cup_small
D:2:      first_bread, eino_tiny_chamber, dk_noncrumbling_3, uniq_terence,
          uniq_jessica
D:3:      fedhas_altar_fruit_tree, columned_hall_lemuel,
          minmay_misc_feat_nine_boxes
D:5:      corexii_shantytown, kennysheep_ying_yang, serial_shops,
          kennysheep_mini, nicolae_shop_statue_plus, nicolae_shop_waterfront
D:6:      temple_green, basic_altar, uniq_grinder
D:7:      the_bakery
D:8:      minmay_overflow_temple_star_hex
D:9:      david_orc_3, corexii_leaking_fountain, uniq_maurice

Skill      XL: |  1  2  3  4  5  6  7  8  9 |
---------------+----------------------------+-----
Bows           | 2 3 |  3.6
Fighting       | 5 6 7 9 10 | 10.7
Short Blades   | 2 3 5 6 8 |  8.7
Dodging        | |  1.1
Stealth        | |  1.2
Shields        | |  1.0
Unarmed Combat | |  1.0

Action                   |  1- 3 |  4- 6 |  7- 9 || total
-------------------------+-------+-------+-------++-------
Melee: Short sword       |    65 |   186 |   507 ||   758
       Kick              |       |    44 |   132 ||   176
       Punch             |       |     1 |     2 ||     3
 Fire: Shortbow          |    12 |       |       ||    12
Invok: Fungal Bloom      |       |     4 |    15 ||    19
  Use: Potion            |       |     1 |     3 ||     4
 Stab: Sleeping          |       |       |     3 ||     3
  Eat: Chunk             |     1 |     3 |     5 ||     9
       Bread ration      |       |     2 |     3 ||     5
       Meat ration       |       |       |     1 ||     1
Armor: Leather armour    |    28 |    34 |    71 ||   133
Dodge: Dodged            |    53 |    98 |   176 ||   327
Block: Other             |    11 |    21 |    59 ||    91

Table legend:
 A = Spawn XP
 B = Non-spawn XP
 C = Spawn XP percentage of total XP
 D = Spawn monster count
 E = Non-spawn monster count
 F = Spawn count percentage of total count
 G = Total turns spent on level
                    A         B        C        D         E        F      G
               +---------+---------+-------+---------+---------+-------+---------
         Total |       0 |    5513 |   0.0 |       0 |     217 |   0.0 | 11545
               +---------+---------+-------+---------+---------+-------+---------
           D:1 |       0 |      54 |   0.0 |       0 |      22 |   0.0 |  1148
           D:2 |       0 |     154 |   0.0 |       0 |      15 |   0.0 |   902
           D:3 |       0 |      88 |   0.0 |       0 |      21 |   0.0 |   993
           D:4 |       0 |     454 |   0.0 |       0 |      19 |   0.0 |  1812
           D:5 |       0 |     441 |   0.0 |       0 |      59 |   0.0 |  2195
           D:6 |       0 |    1348 |   0.0 |       0 |      28 |   0.0 |  1658
           D:7 |       0 |     570 |   0.0 |       0 |      13 |   0.0 |   938
           D:8 |       0 |    2346 |   0.0 |       0 |      33 |   0.0 |  1856
           D:9 |       0 |      58 |   0.0 |       0 |       7 |   0.0 |    43
               +---------+---------+-------+---------+---------+-------+---------
